 Dungeon Crawl Stone Soup version 0.31-a0-431-g88bdf31460 (webtiles) character file.

Game seed: 9529152334316819794

386 cforsyth the Charlatan (level 6, -3/47 HPs)
             Began as a Gnoll Artificer on Aug 1, 2023.
             Succumbed to a scorpion's poison
             ... on level 4 of the Dungeon.
             The game lasted 00:05:24 (3657 turns).

cforsyth the Charlatan (Gnoll Artificer)            Turns: 3657, Time: 00:05:25

Health: -3/47      AC:  3    Str: 12 (13) XL:     6   Next: 78%
Magic:  9/9        EV:  9    Int:  8 (11) God:
Gold:   218        SH:  0    Dex: 11 (12) Spells: 9/9 levels left

rFire   . . .        p - +0 dagger (venom)
rCold   . . .        (no shield)
rNeg    . . .        b - +0 leather armour
rPois   .            (no helmet)
rElec   .            (no cloak)
rCorr   .            (no gloves)
SInv    .            (no boots)
Will    .....        (no amulet)
Stlth   ++           (no ring)
HPRegen 0.27/turn    (no ring)
MPRegen 0.11/turn

%: no passive effects
@: lethally poisoned (-3 -> -19), constricted
A: fangs 1, strong nose, distributed training
a: no special abilities


You were on level 4 of the Dungeon.
You visited 1 branch of the dungeon, and saw 4 of its levels.

You collected 218 gold pieces.

Inventory:

Hand Weapons
 a - a +0 club
 p - a +0 dagger of venom (weapon)
Armour
 b - a +0 leather armour (worn)
Jewellery
 k - an amulet of guardian spirit
 l - a +4 ring of protection
Wands
 c - a wand of flame (6) (quivered)
 d - a wand of charming (15)
 e - a wand of iceblast (11)
 q - a wand of polymorph (9)
Scrolls
 h - 2 scrolls of identify {unknown}
 n - a scroll of teleportation {unknown}
 o - a scroll of enchant weapon {unknown}
 r - a scroll of summoning {unknown}
Potions
 f - 2 potions of lignification {unknown}
 g - a potion of degeneration
 i - a potion of heal wounds {unknown}
 j - 4 potions of haste {unknown}
 m - a potion of might {unknown}


   Skills:
 + Level 3.3 Fighting
 + Level 2.1 Short Blades
 + Level 2.1 Long Blades
 + Level 2.1 Axes
 + Level 2.1 Maces & Flails
 + Level 2.1 Polearms
 + Level 2.1 Staves
 + Level 2.1 Ranged Weapons
 + Level 2.1 Throwing
 + Level 5.0 Armour
 + Level 3.3 Dodging
 + Level 3.2 Stealth
 + Level 2.1 Shields
 + Level 2.1 Unarmed Combat
 + Level 2.1 Spellcasting
 + Level 1.7 Conjurations
 + Level 1.7 Hexes
 + Level 1.7 Summonings
 + Level 1.7 Necromancy
 + Level 1.7 Translocations
 + Level 1.7 Transmutations
 + Level 1.7 Fire Magic
 + Level 1.7 Ice Magic
 + Level 1.7 Air Magic
 + Level 1.7 Earth Magic
 + Level 1.7 Poison Magic
 + Level 2.3 Invocations
 + Level 6.9 Evocations
 + Level 1.7 Shapeshifting


You had 9 spell levels left.
You didn't know any spells.
Your spell library contained the following spells:

 Spells                   Type           Power      Damage    Failure   Level
 Call Canine Familiar     Summ           3%         N/A       54%         3
 Portal Projectile        Hex/Tloc       6%         N/A       54%         3
 Leda's Liquefaction      Hex/Erth       1%         N/A       91%         4
 Summon Forest            Summ/Tloc      1%         N/A       99%         5
 Eringya's Noxious Bog    Tmut/Pois      1%         4d6       100%        6
 Summon Hydra             Summ           1%         N/A       100%        7


Dungeon Overview and Level Annotations

Branches:
Dungeon (4/15)
 Temple: D:4-7

Altars:
Zin

Annotations:
D:3 1 runed translucent door, MrMonkeyMan's ghost, amateur DEAE


Innate Abilities, Weirdness & Mutations

You have very sharp teeth.
Your uncanny sense of smell can sniff out nearby items.
Your experience applies equally to all skills.


Message History

The scorpion is lightly wounded.
You feel very sick. The ball python closely misses you.
The ball python grabs you. The ball python constricts you.
The scorpion stings you. The ball python closely misses you.
The ball python constricts you.
You closely miss the scorpion.
You bite the scorpion, but do no damage.
The scorpion is moderately wounded.
You feel very sick. The scorpion closely misses you.
The ball python bites you but does no damage.
The ball python constricts you.
You hit the scorpion but do no damage.
The scorpion looks as sick as possible!
The scorpion is moderately wounded.
You feel very sick. The scorpion stings you!
You are lethally poisoned!
The scorpion poisons you! The ball python bites you.
* * * LOW HITPOINT WARNING * * *
The ball python constricts you.
You hit the scorpion but do no damage.
The scorpion is severely wounded.
* * * LOW HITPOINT WARNING * * *
You feel very sick. The scorpion stings you.
* * * LOW HITPOINT WARNING * * *
The ball python closely misses you. The ball python constricts you.
* * * LOW HITPOINT WARNING * * *
You barely miss the scorpion.
The scorpion is severely wounded.
* * * LOW HITPOINT WARNING * * *
You feel very sick.
You kill the scorpion!
The ball python closely misses you. The ball python constricts you.
* * * LOW HITPOINT WARNING * * *
Unknown command.
It was a potion of degeneration.
There was something very wrong with that liquid.
You feel weakened.
You feel dopey.
You feel clumsy.
You die...

#.............#...
#......(......#...
#.............#...
#...##..####..###.
####+#######.<####..###.
...........#............
...........#...........<
...........#............
.......@S..#)...........
##...##'####÷##.##..###.
#. ##...##.##.##..###.
#........#.........
#........'......... ∆
#........#.........
##......##.....##'#
##+######.....##..
#.....#...


You could see a ball python.

Vanquished Creatures
  A black bear (D:4)
  2 scorpions (D:4)
  A hound (D:3)
  Natasha (thrice) (D:3)
  An adder (D:3)
  2 worms
  3 dart slugs
  An orc (D:4)
  4 ball pythons
  3 bats
  4 endoplasms
  4 giant cockroaches
  4 goblins
  6 hobgoblins
  3 jackals (D:1)
  6 kobolds
  3 quokkas
  2 frilled lizards (D:3)
  9 rats
62 creatures vanquished.

Notes
Turn   | Place    | Note
-------+----------+-------------------------------------------
     0 | D:1      | cforsyth the Gnoll Artificer began the quest for the Orb.
     0 | D:1      | Reached XP level 1. HP: 17/17 MP: 1/1
   178 | D:1      | Reached XP level 2. HP: 10/23 MP: 2/2
   183 | D:1      | HP: 1/23 [constriction (1)]
   703 | D:1      | Reached XP level 3. HP: 26/28 MP: 3/3
  1305 | D:2      | Reached skill level 1 in Invocations
  1844 | D:2      | Reached skill level 1 in Short Blades
  1844 | D:2      | Reached skill level 1 in Long Blades
  1844 | D:2      | Reached skill level 1 in Axes
  1844 | D:2      | Reached skill level 1 in Maces & Flails
  1844 | D:2      | Reached skill level 1 in Polearms
  1844 | D:2      | Reached skill level 1 in Staves
  1844 | D:2      | Reached skill level 1 in Ranged Weapons
  1844 | D:2      | Reached skill level 1 in Throwing
  1844 | D:2      | Reached skill level 1 in Shields
  1844 | D:2      | Reached skill level 1 in Unarmed Combat
  1844 | D:2      | Reached skill level 1 in Spellcasting
  2413 | D:3      | Noticed Natasha
  2419 | D:3      | Killed Natasha
  2420 | D:3      | Reached XP level 4. HP: 14/34 MP: 5/5
  2557 | D:3      | Identified the +6 dagger of the Viper {flame, rC+}
  2631 | D:3      | Noticed Natasha
  2642 | D:3      | Killed Natasha
  2643 | D:3      | Reached skill level 1 in Conjurations
  2643 | D:3      | Reached skill level 1 in Hexes
  2643 | D:3      | Reached skill level 1 in Summonings
  2643 | D:3      | Reached skill level 1 in Necromancy
  2643 | D:3      | Reached skill level 1 in Translocations
  2643 | D:3      | Reached skill level 1 in Transmutations
  2643 | D:3      | Reached skill level 1 in Fire Magic
  2643 | D:3      | Reached skill level 1 in Ice Magic
  2643 | D:3      | Reached skill level 1 in Air Magic
  2643 | D:3      | Reached skill level 1 in Earth Magic
  2643 | D:3      | Reached skill level 1 in Poison Magic
  2643 | D:3      | Reached skill level 1 in Shapeshifting
  2718 | D:3      | Found a glowing silver altar of Zin.
  2767 | D:3      | Found a runed translucent door.
  2810 | D:3      | Found a runed translucent door.
  2835 | D:3      | Reached XP level 5. HP: 37/40 MP: 5/7
  2862 | D:3      | Noticed MrMonkeyMan's ghost (amateur DEAE)
  3038 | D:3      | Noticed Natasha
  3053 | D:3      | Killed Natasha
  3388 | D:4      | Reached XP level 6. HP: 43/47 MP: 8/8
  3420 | D:4      | Noticed a black bear
  3436 | D:4      | Killed a black bear
  3437 | D:4      | Reached skill level 5 in Armour
  3656 | D:4      | HP: 2/47 [poisoned by a scorpion]
  3657 | D:4      | Succumbed to a scorpion's poison

Illustrated notes

Levels and vault maps discovered:
D:1:      lemuel_arrival_funnel, layout_basic, dk_noncrumbling_3,
          nicolae_concentric_dashed_squares_wild
D:2:      layout_basic
D:3:      layout_loops_ring, mainiacjoe_overflow_chevrons,
          ebering_ghost_sewer_f, fountainhead, corexii_hall_statues_i,
          minmay_stone_trees_medium, uniq_natasha
D:4:      layout_gridville

Skill      XL: |  1  2  3  4  5  6 |
---------------+-------------------+-----
Invocations    | 1 2 |  2.3
Short Blades   | 1 2 |  2.1
Long Blades    | 1 2 |  2.1
Axes           | 1 2 |  2.1
Maces & Flails | 1 2 |  2.1
Polearms       | 1 2 |  2.1
Staves         | 1 2 |  2.1
Ranged Weapons | 1 2 |  2.1
Throwing       | 1 2 |  2.1
Shields        | 1 2 |  2.1
Unarmed Combat | 1 2 |  2.1
Spellcasting   | 1 2 |  2.1
Conjurations   | 1 |  1.7
Hexes          | 1 |  1.7
Summonings     | 1 |  1.7
Necromancy     | 1 |  1.7
Translocations | 1 |  1.7
Transmutations | 1 |  1.7
Fire Magic     | 1 |  1.7
Ice Magic      | 1 |  1.7
Air Magic      | 1 |  1.7
Earth Magic    | 1 |  1.7
Poison Magic   | 1 |  1.7
Shapeshifting  | 1 |  1.7
Fighting       | 3 |  3.3
Dodging        | 3 |  3.3
Stealth        | 3 |  3.2
Armour         | 5 |  5.0
Evocations     | |  6.9

Action                     |  1- 3 |  4- 6 || total
---------------------------+-------+-------++-------
  Melee: Club              |   214 |    28 ||   242
         Bite              |    27 |    13 ||    40
         Punch             |     3 |       ||     3
         Dagger            |       |    60 ||    60
  Evoke: Wand              |     2 |     7 ||     9
    Use: Potion            |       |     1 ||     1
   Stab: Sleeping          |     7 |       ||     7
 Armour: Leather armour    |    56 |    28 ||    84
  Dodge: Dodged            |   152 |    74 ||   226

Table legend: (Time is in decaauts)
 A = Elapsed time spent in this place.
 B = Non-inter-level travel time spent in this place.
 C = Inter-level travel time spent in this place.
 D = Time resting spent in this place.
 E = Time spent auto-exploring this place.
 F = Levels seen in this place.
 G = Mean time per level.
                   A        B        C        D        E       F      G
               +--------+--------+--------+--------+--------+-----+--------+
         Total |   3733 |   3715 |     18 |      0 |   2951 |   4 |  933.2 |
       Dungeon |   3733 |   3715 |     18 |      0 |   2951 |   4 |  933.2 |
               +--------+--------+--------+--------+--------+-----+--------+

Top non-repeatable levels by time:
     D:2: 1250 daAuts
     D:1: 1087 daAuts
     D:3: 1042 daAuts
     D:4: 352 daAuts
